 Dungeon Crawl Stone Soup version 0.27.1-3-gb3d3a73c9e (webtiles) character file.

Game seed: 16532778029883649609

147235 toffzen the Spry (level 16, -3/91 HPs)
             Began as a Spriggan Berserker on Oct 15, 2021.
             Was the Champion of Trog.
             Slain by a salamander (5 damage)
             ... on level 3 of the Snake Pit on Oct 17, 2021.
             The game lasted 01:10:31 (46799 turns).

toffzen the Spry (Spriggan Berserker)              Turns: 46799, Time: 01:10:32

Health: -3/91      AC: 13    Str: 14    XL:     16   Next: 91%
Magic:  17/17      EV: 36    Int:  9    God:    Trog [******]
Gold:   2678       SH:  5    Dex: 23    Spells: 15/15 levels left

rFire    . . .     SeeInvis +   a - +7 demon trident of Action {freeze, Will+}
rCold    . . .     Faith    .   (shield currently unavailable)
rNeg     . . .     Spirit   .   r - +3 robe of Clouds {+Thunder rCloud rElec}
rPois    +         Reflect  +   n - +1 hat {Stlth+}
rElec    +         Harm     .   V - +2 cloak of Shielding {rElec Stlth+}
rCorr    .         Rampage  .   (gloves unavailable)
Will     +++..                  (boots unavailable)
Stlth    ++++......             u - amulet of Fytai {Reflect Dex+3 SH+5}
HPRegen  0.25/turn              H - ring of poison resistance
MPRegen  0.15/turn              S - +4 ring of protection

@: about to teleport, on berserk cooldown, slowed, quick
A: very small, no large weapons, unfitting armour, see invisible, speed 3
a: Renounce Religion, Evoke Thunderclouds, Berserk, Trog's Hand, Brothers in
Arms


You were on level 3 of the Snake Pit.
You worshipped Trog.
Trog was exalted by your worship.
You visited 4 branches of the dungeon, and saw 26 of its levels.

You collected 3426 gold pieces.
You spent 748 gold pieces at shops.

Inventory:

Hand Weapons
 a - the +7 demon trident of Action (weapon) {freeze, Will+}
   (You acquired it on level 4 of the Lair of Beasts)

   It freezes those it strikes, dealing additional cold damage.
   It can also slow down cold-blooded creatures.
   Will:      It increases your willpower.
 b - the +8 whip "Snakebite" {venom, curare, rPois}
   (You found it on level 3 of the Lair of Beasts)

   It poisons the flesh of those it strikes.
   It occasionally inflicts asphyxiating poison on those it strikes, dealing
   poison damage and causing slowness.
   rPois:     It protects you from poison.
 y - a +1 trident of draining
Missiles
 e - 734 stones (quivered)
 j - 89 poisoned darts
Armour
 m - +0 acid dragon scales
 n - a +1 hat of stealth (worn)
 r - the +3 robe of Clouds (worn) {+Thunder rCloud rElec}
   (You bought it in a shop on level 2 of the Orcish Mines)

   It can be evoked to surround the wearer with storm clouds, with success rate
   depending on Evocations skill.
   rElec:     It insulates you from electricity.
 x - a +2 robe of willpower
 C - the +1 robe of Acsaofob {rC++ Stlth+}
   (You bought it in a shop on level 9 of the Dungeon)

   rC:        It greatly protects you from cold.
   Stlth:     It makes you more stealthy.
 V - the +2 cloak of Shielding (worn) {rElec Stlth+}
   (You acquired it on level 4 of the Lair of Beasts)

   rElec:     It insulates you from electricity.
   Stlth:     It makes you more stealthy.
Jewellery
 t - a ring of flight
 u - the amulet of Fytai (around neck) {Reflect Dex+3 SH+5}
   (You acquired it on level 5 of the Dungeon)

   [amulet of reflection]

   It reflects blocked missile attacks.
   Dex:       It affects your dexterity (+3).
   SH:        It affects your SH (+5).
 H - a ring of poison resistance (left hand)
 I - a ring of ice
 N - a ring of resist corrosion
 P - a ring of positive energy
 Q - an amulet of reflection
 R - a +4 ring of evasion
 S - a +4 ring of protection (right hand)
 U - an amulet of regeneration
 X - a +6 ring of strength
Wands
 h - a wand of charming (4)
 q - a wand of mindburst (78)
 B - a wand of flame (56)
 J - a wand of iceblast (13)
 M - a wand of paralysis (9)
Scrolls
 c - 10 scrolls of teleportation
 w - 3 scrolls of magic mapping
 z - 4 scrolls of fog
 A - 2 scrolls of summoning
 D - 2 scrolls of enchant armour
 F - 13 scrolls of identify
 O - 5 scrolls of enchant weapon
 W - a scroll of blinking {unknown}
Potions
 d - 3 potions of attraction
 f - 4 potions of berserk rage
 g - 8 potions of curing
 i - 4 potions of resistance
 k - 5 potions of heal wounds
 l - 7 potions of might
 o - 8 potions of lignification
 p - 7 potions of ambrosia
 s - 2 potions of haste
 v - a potion of invisibility
 E - 4 potions of mutation
 G - 2 potions of cancellation
 T - a potion of magic
Miscellaneous
 K - a lightning rod (4/4)
 L - a phantom mirror


   Skills:
 + Level 13.3 Fighting
 + Level 15.5 Polearms
 - Level 4.0 Armour
 + Level 18.5 Dodging
 - Level 9.7 Evocations


You had 15 spell levels left.
You didn't know any spells.
Your spell library was empty.

Dungeon Overview and Level Annotations

Branches:
Dungeon (15/15)            Temple (0/1) D:6            Lair (6/6) D:8
 Shoals (0/4) Lair:3        Snake (3/4) Lair:4        Slime (0/5) Lair:6
    Orc (2/2) D:10            Elf (0/3) Orc:2        Vaults (0/5) D:13
 Depths (0/5) D:15

Altars:
Ashenzari
Gozag
Nemelex Xobeh
Vehumet
Zin
Beogh

Shops:
D:9 [   D:15 *   Orc:2 (??[

Annotations:
D:3 2 runed translucent doors, othur's ghost, amateur GrFi
D:8 1 runed translucent door, sking99's ghost, novice DsFi
D:9 2 runed translucent doors, exclusion: orange crystal statue
Lair:1 exclusion: oklob plant
Lair:5 exclusion: oklob plant
Snake:1 1 runed translucent door
Snake:2 3 runed translucent doors


Innate Abilities, Weirdness & Mutations

You are very small and have problems with some larger weapons.
You are too small for most types of armour.
You have supernaturally acute eyesight. (SInv)
You cover ground extremely quickly. (Speed+++)


Message History

The salamander hits you from afar with a +0 trident!
You are engulfed in flames!
You are too injured to fight recklessly!
You completely miss the anaconda.
The anaconda is severely wounded.
You miss the anaconda.
The anaconda is severely wounded.
The anaconda closely misses you. The anaconda bites you.
The salamander closely misses you. The salamander completely misses you.
You puncture the anaconda! You freeze the anaconda.
The anaconda is almost dead.
You miss the anaconda.
The anaconda is almost dead.
The anaconda completely misses you. The anaconda barely misses you.
The salamander completely misses you.
The fire elemental completely misses you.
You completely miss the anaconda.
The anaconda is almost dead.
The salamander completely misses you.
You puncture the anaconda! You freeze the anaconda.
You kill the anaconda!
Trog accepts your kill.
You are no longer berserk.
You are exhausted.
You feel yourself slow down. You block the salamander's attack.
You block the fire elemental's attack. The fire elemental barely misses you.
As you read the scroll of teleportation, it crumbles to dust.
You feel strangely unstable.
The fire elemental completely misses you.
You block the fire elemental's attack.
The salamander hits you from afar with a +2 halberd of freezing!!
* * * LOW HITPOINT WARNING * * *
You are engulfed in flames!
* * * LOW HITPOINT WARNING * * *
The salamander freezes you!
* * * LOW HITPOINT WARNING * * *
You block the salamander's attack.
The salamander hits you from afar with a +0 trident.
You die...

.......#........ ...
...............# ...
.......#.......# ...
.............# ..# .
.........##.##.##.# #[
#.#.##.....○°°...# ..
#.........EN...#
#.#######.......@EN)..#°
.....>.}..#.......N<.)...
..........#####..#.○.#.##.#
..........# #..#..°...N.h
.....)....# #.!....°.....
..........# #)......°?...
..........# #........°..#
.)........# #..$........#
..........#####[.......☼..#


You could see 3 salamanders and 2 fire elementals.

Vanquished Creatures
  Saint Roka (Orc:2)
  Gastronok (D:9)
  A nagaraja (Snake:2)
  An orc warlord (Orc:2)
  A very ugly thing (D:14)
  Azrael (Snake:3)
  An ettin (Orc:1)
  11 hydras
  5 naga warriors
  A salamander tyrant (Snake:3)
  Erolcha (Orc:1)
  5 boulder beetles
  3 catoblepae (Lair:6)
  3 anacondas
  A death knight (D:14)
  8 centaur warriors
  2 dancing weapons (D:13)
  4 tengu warriors
  6 two-headed ogres
  7 death yaks
  4 shock serpents
  2 naga sharpshooters
  6 orc high priests
  Nergalle (Orc:1)
  3 skeletal warriors (D:15)
  A glowing orange brain (D:15)
  A naga ritualist (Snake:3)
  A phantasmal warrior (D:14)
  A wizard (D:15)
  Pikel (D:7)
  4 orc knights (Orc:2)
  5 deep elf pyromancers
  3 mana vipers
  15 ugly things
  4 orc sorcerers (Orc:2)
  6 manticores
  9 salamanders
  19 elephants
  11 cyclopes
  3 centaur zombies
  3 torpor snails (Lair:5)
  16 black mambas
  2 guardian serpents (Snake:3)
  12 cane toads
  3 gargoyles
  9 naga magi
  Maggie (D:7)
  2 rime drakes
  7 komodo dragons
  2 unseen horrors
  A freezing wraith (D:15)
  A komodo dragon (shapeshifter) (D:14)
  4 kobold demonologists
  2 yaktaurs (D:15)
  An efreet (D:12)
  A tengu conjurer (D:13)
  11 trolls
  A meliai (shapeshifter) (D:14)
  A hornet (shapeshifter) (D:15)
  A hornet (D:9)
  17 blink frogs
  A snapping turtle (Lair:3)
  14 dream sheep
  11 slime creatures
  A shadow (D:11)
  Sigmund (D:6)
  5 wraiths
  A redback (shapeshifter) (D:15)
  3 vampires
  2 basilisks (Lair:5)
  A spriggan (shapeshifter) (D:10)
  3 wyverns
  A hog (shapeshifter) (D:8)
  2 fire elementals (Snake:3)
  Eustachio (D:5)
  44 yaks
  7 vampire mosquitoes
  5 wargs (Orc:2)
  23 nagas
  A hell hound (Snake:2)
  23 water moccasins
  A hornet zombie (D:6)
  A black bear (D:6)
  An ice beast (D:5)
  44 orc warriors
  15 ogres
  2 necrophages
  15 centaurs
  A phantom (D:7)
  5 kobold brigands
  2 lemures (D:7)
  A gnoll sergeant (Orc:2)
  19 bullfrogs
  6 scorpions
  A wyvern zombie (D:8)
  9 killer bees
  5 wights
  2 electric eels
  3 howler monkeys
  2 hounds (D:4)
  A jelly (D:8)
  A gnoll shaman (D:6)
  34 orc priests
  A centaur skeleton (D:5)
  Crazy Yiuf (D:2)
  A bullfrog skeleton (D:7)
  16 orc wizards
  Ijyb (D:3)
  3 iguanas
  A hound skeleton (D:5)
  A howler monkey zombie (D:9)
  A mummy (D:8)
  10 gnolls
  10 adders
  2 shadow imps
  2 adder skeletons (D:4)
  An adder zombie (D:5)
  A worm (D:2)
  A dart slug (D:4)
  103 orcs
  5 ball pythons
  6 bats
  10 endoplasms
  5 giant cockroaches
  12 hobgoblins
  7 jackals
  5 quokkas
  3 frilled lizards
  17 goblins
  31 kobolds
  A quokka skeleton (D:4)
  3 rats (D:1)
844 creatures vanquished.

Vanquished Creatures (collateral kills)
  2 black mambas (Lair:4)
  A guardian serpent (Lair:4)
  A freezing wraith (D:14)
  A dream sheep (Lair:5)
  4 centaurs (D:11)
  A scorpion (D:5)
  An orc (D:5)
11 creatures vanquished.

Vanquished Creatures (others)
  An orc warrior (Orc:2)
  An orc priest (Orc:2)
  An orc wizard (Orc:2)
  A kobold (D:2)
  27 fungi
  73 plants
104 creatures vanquished.

Grand Total: 959 creatures vanquished

Notes
Turn   | Place    | Note
-------+----------+-------------------------------------------
     0 | D:1      | toffzen the Spriggan Berserker began the quest for the Orb.
     0 | D:1      | Reached XP level 1. HP: 11/11 MP: 2/2
   299 | D:1      | Reached XP level 2. HP: 16/16 MP: 3/3
  1295 | D:2      | Reached XP level 3. HP: 19/19 MP: 4/4
  1418 | D:2      | Found a runed translucent door.
  1419 | D:2      | Noticed Crazy Yiuf
  1453 | D:2      | Reached ** piety under Trog
  2361 | D:2      | Killed Crazy Yiuf
  2362 | D:2      | Reached XP level 4. HP: 23/23 MP: 5/5
  2496 | D:3      | Reached skill level 5 in Dodging
  2614 | D:3      | Noticed Ijyb
  2631 | D:3      | Killed Ijyb
  2759 | D:3      | Reached XP level 5. HP: 28/28 MP: 6/6
  2864 | D:3      | Found a large runed translucent door.
  2864 | D:3      | Found a large runed translucent door.
  2865 | D:3      | Noticed othur's ghost (amateur GrFi)
  3245 | D:3      | Reached *** piety under Trog
  4369 | D:4      | Reached XP level 6. HP: 32/32 MP: 7/7
  4631 | D:4      | Reached skill level 6 in Dodging
  4837 | D:4      | Found a large runed translucent door.
  4838 | D:4      | Found a large runed translucent door.
  5148 | D:4      | Reached XP level 7. HP: 37/37 MP: 8/8
  5699 | D:4      | Found a radiant altar of Vehumet.
  5746 | D:4      | Found a broken altar of Ashenzari.
  5863 | D:5      | Entered Level 5 of the Dungeon
  5879 | D:5      | Noticed Eustachio
  5903 | D:5      | Killed Eustachio
  5904 | D:5      | Reached skill level 5 in Polearms
  5904 | D:5      | Reached skill level 7 in Dodging
  6028 | D:5      | Reached **** piety under Trog
  6166 | D:5      | Reached XP level 8. HP: 42/42 MP: 9/9
  7217 | D:5      | Reached skill level 8 in Dodging
  7402 | D:5      | Reached skill level 5 in Fighting
  7566 | D:5      | Identified a scroll of acquirement
  7566 | D:5      | Acquired the amulet of Fytai {Reflect Dex+3 SH+5}
  7926 | D:6      | Noticed Sigmund
  7942 | D:6      | Killed Sigmund
  8100 | D:6      | Reached XP level 9. HP: 47/47 MP: 10/10
  8584 | D:6      | Reached skill level 9 in Dodging
  8717 | D:6      | Found a staircase to the Ecumenical Temple.
  9114 | D:7      | Noticed Pikel
  9433 | D:7      | Killed Pikel
  9640 | D:7      | Reached skill level 10 in Dodging
 10126 | D:7      | Noticed Maggie
 10138 | D:7      | Killed Maggie
 10139 | D:7      | Reached XP level 10. HP: 38/53 MP: 11/11
 11890 | D:8      | Identified the +2 spear of the Evening {vorpal, *Corrode
                  | rF+++ Str+3}
 11891 | D:8      | Found a runed translucent door.
 11895 | D:8      | Noticed sking99's ghost (novice DsFi)
 12072 | D:8      | Found a staircase to the Lair.
 12369 | D:9      | Noticed Gastronok
 12436 | D:9      | Killed Gastronok
 12437 | D:9      | Reached skill level 11 in Dodging
 12546 | D:9      | Paralysed by a hornet for 2 turns
 12899 | D:9      | Found an opulent altar of Gozag.
 12904 | D:9      | Found an opulent altar of Gozag.
 12904 | D:9      | Found an opulent altar of Gozag.
 12931 | D:9      | Found a runed translucent door.
 12955 | D:9      | Found a runed translucent door.
 12966 | D:9      | Found a runed translucent door.
 13101 | D:9      | Found an opulent altar of Gozag.
 13344 | D:9      | Noticed an angel
 13345 | D:9      | Found a glowing silver altar of Zin.
 13386 | D:9      | Found a runed translucent door.
 13499 | D:9      | Found Nij Xaf's Antique Armour Emporium.
 13509 | D:9      | Bought an ichor-stained robe for 210 gold pieces
 13509 | D:9      | Identified the +1 robe of Acsaofob {rC++ Stlth+} (You
                  | bought it in a shop on level 9 of the Dungeon)
 13577 | D:9      | Noticed an orange crystal statue
 13619 | D:10     | Entered Level 10 of the Dungeon
 14090 | D:10     | Reached XP level 11. HP: 58/58 MP: 4/12
 14205 | D:10     | Reached ***** piety under Trog
 14545 | D:10     | Found a staircase to the Orcish Mines.
 14859 | D:10     | Reached skill level 12 in Dodging
 15199 | Lair:1   | Entered Level 1 of the Lair of Beasts
 15213 | Lair:1   | Reached skill level 10 in Polearms
 15382 | Lair:1   | Noticed an oklob plant
 16403 | Lair:2   | Noticed an eight-headed hydra
 16424 | Lair:2   | Killed an eight-headed hydra
 17670 | Lair:3   | Found a staircase to the Shoals.
 17767 | Lair:3   | Found a sparkling altar of Nemelex Xobeh.
 17970 | Lair:3   | Noticed a seven-headed hydra
 17983 | Lair:3   | Killed a seven-headed hydra
 18266 | Lair:2   | Reached skill level 13 in Dodging
 18599 | Lair:3   | Reached XP level 12. HP: 65/65 MP: 4/13
 19246 | Lair:3   | Found the +8 whip "Snakebite" {venom, curare, rPois}
 20818 | Lair:4   | Noticed a six-headed hydra
 21200 | Lair:4   | Killed a six-headed hydra
 21201 | Lair:4   | Reached skill level 14 in Dodging
 22008 | Lair:4   | Found a staircase to the Snake Pit.
 22716 | Lair:5   | Reached XP level 13. HP: 72/72 MP: 14/14
 23036 | Lair:5   | Reached skill level 10 in Fighting
 24034 | Lair:5   | Reached skill level 15 in Dodging
 24510 | Lair:6   | Entered Level 6 of the Lair of Beasts
 24690 | Lair:6   | Found a staircase to the Slime Pits.
 25158 | Lair:6   | Received a gift from Trog
 25940 | Lair:6   | Reached XP level 14. HP: 76/77 MP: 15/15
 27637 | Lair:6   | Found the +6 Majin-Bo {vamp, MP+6 Int+6}
 28111 | D:11     | Reached skill level 16 in Dodging
 28184 | D:11     | You are sucked into a shaft and drop 1 floor!
 31305 | D:13     | Found a gate to the Vaults.
 31314 | D:13     | Reached skill level 1 in Armour
 32728 | D:13     | Reached XP level 15. HP: 83/83 MP: 16/16
 33331 | D:13     | Reached skill level 17 in Dodging
 34790 | D:14     | Received a gift from Trog
 35642 | D:15     | Entered Level 15 of the Dungeon
 36166 | D:15     | Found Fana's Assorted Antiques.
 37582 | D:15     | Found a staircase to the Depths.
 37588 | D:15     | Reached skill level 15 in Polearms
 37843 | Orc:1    | Entered Level 1 of the Orcish Mines
 38144 | Orc:1    | Noticed Nergalle
 38171 | Orc:1    | Killed Nergalle
 38560 | Orc:1    | Noticed Erolcha
 38574 | Orc:1    | Killed Erolcha
 38844 | Orc:2    | Entered Level 2 of the Orcish Mines
 39444 | Orc:2    | Reached ****** piety under Trog
 39792 | Orc:2    | Received a gift from Trog
 39918 | Orc:2    | Found Ciwu's Armour Boutique.
 39986 | Orc:2    | Bought the +3 robe of Clouds {+Thunder rCloud rElec} for
                  | 504 gold pieces
 39986 | Orc:2    | Found the +3 robe of Clouds {+Thunder rCloud rElec}
 40003 | Orc:2    | Found Suohar's Magic Scroll Shop.
 40037 | Orc:2    | Reached skill level 1 in Evocations
 40187 | Orc:2    | Reached XP level 16. HP: 89/89 MP: 17/17
 40871 | Orc:2    | Found a staircase to the Elven Halls.
 41287 | Orc:2    | Noticed Saint Roka
 41367 | Orc:2    | Killed Saint Roka
 41368 | Orc:2    | Reached skill level 5 in Evocations
 42374 | Orc:2    | Found Piwk's Weapon Shop.
 42414 | Orc:2    | Found Syiraty's Magic Scroll Shoppe.
 42460 | Orc:2    | Received a gift from Trog
 42755 | Orc:2    | Bought a scroll of fog for 34 gold pieces
 43065 | Snake:1  | Entered Level 1 of the Snake Pit
 43445 | Lair:4   | Acquired the +2 cloak of Shielding {rElec Stlth+}
 43458 | Lair:4   | Acquired 767 gold pieces
 43461 | Lair:4   | Acquired the +7 demon trident of Action {freeze, Will+}
 44209 | Snake:1  | Found a runed translucent door.
 45098 | Snake:2  | Found a runed translucent gate.
 45099 | Snake:2  | Found a runed translucent gate.
 45100 | Snake:2  | Found a runed translucent gate.
 45261 | Snake:2  | Reached skill level 18 in Dodging
 46448 | Snake:3  | Noticed Azrael
 46460 | Snake:3  | Killed Azrael
 46694 | Snake:3  | Received a gift from Trog
 46799 | Snake:3  | HP: 2/91 [salamander (7)]
 46799 | Snake:3  | Slain by a salamander

Illustrated notes

Levels and vault maps discovered:
D:1:      minmay_arrival_five_plusses, layout_basic
D:2:      layout_basic, lemuel_flame_loot_1, uniq_crazy_yiuf_cottage
D:3:      cheibrodos_greedy_goblins, layout_basic, ebering_ghost_disaster_area,
          grunt_ministairs_8, eino_tiny_chamber,
          minmay_randomly_rotated_circles, uniq_ijyb
D:4:      layout_loops_ring, jmf_multi_god_temple2, minmay_joined_circles
D:5:      layout_gridville, uniq_eustachio
D:6:      layout_rooms, temple_doors_ab, uniq_sigmund
D:7:      layout_gridville, uniq_pikel, uniq_maggie
D:8:      layout_loops_corners, dpeg_oklobed_lair, gup_ossuary_entry_pyramid,
          ebering_ghost_funeral_grove, st_stairs_4
D:9:      layout_loops_ring, nicolae_gozag_conspicuous_consumption, zin_angel,
          serial_shops, nicolae_lakefront_shop, amcnicky_mini_corridor_feature,
          minmay_statue_crystal_thing, uniq_gastronok
D:10:     layout_irregular_city, orc_0_dummy, serial_bayou_pond_c,
          kennysheep_nondescript
D:11:     layout_basic
D:12:     layout_layer_cave
D:13:     minmay_quarter_circles, layout_basic, erik_vaults_1
D:14:     layout_stronghold
D:15:     gammafunk_enter_depths_forms, layout_stronghold, serial_shops,
          nicolae_square_shop
Lair:1:   layout_loops_ring, serial_bayou_shore_b, serial_bayou_shore_b,
          minmay_lair_oklob_chamber
Lair:2:   layout_gridlike
Lair:3:   minmay_guarded_unrand_snakebite, layout_chaotic_city,
          minmay_shoals_entry_hut, basic_altar, minivault_19
Lair:4:   layout_regular_city, minmay_snake_entry_guardpost_medium,
          serial_bayou_shore_a, grunt_megastairs_5
Lair:5:   nzn_winding_woodlands_stair_cross [nzn_winding_woodlands_5x15_pool,
          nzn_winding_woodlands_center_pierced_h,
          nzn_winding_woodlands_5x15_zeroes, nzn_winding_woodlands_hourglass,
          nzn_winding_woodlands_5x5_default,
          nzn_winding_woodlands_5x15_lazy_stream,
          nzn_winding_woodlands_center_diamonds,
          nzn_winding_woodlands_5x15_cabin], layout_hall_layers
Lair:6:   evilmike_catoblepas_cave, layout_regular_city, slime_dummy
Snake:1:  cheibrodos_toxic_ritual, layout_misc_corridors
Snake:2:  layout_onion_interference, nicolae_snake_horde_hoard
Snake:3:  layout_rooms, uniq_azrael
Orc:1:    nicolae_orc_accident_2, layout_diamond_mine, uniq_erolcha,
          uniq_nergalle
Orc:2:    pubby_orc_utopia, uniq_saint_roka

Skill      XL: |  1  2  3  4  5  6  7  8  9 10 11 12 13 14 15 16 |
---------------+-------------------------------------------------+-----
Polearms       | 3 4 5 6 8 9 10 12 13 14 15 | 15.5
Fighting       | 3 4 5 6 7 8 9 10 11 12 13 | 13.3
Dodging        | 5 6 7 8 10 11 13 14 15 16 17 18 | 18.5
Armour         | 2 4 |  4.0
Evocations     | 1 9 |  9.7

Action                   |  1- 3 |  4- 6 |  7- 9 | 10-12 | 13-15 | 16-18 || total
-------------------------+-------+-------+-------+-------+-------+-------++-------
Melee: Spear             |   123 |   206 |   142 |       |       |       ||   471
       Trident           |       |       |   199 |  1158 |  2544 |   576 ||  4477
       Demon trident     |       |       |       |       |       |   311 ||   311
Throw: Stone             |       |       |       |       |     1 |       ||     1
Invok: Berserk           |     8 |    15 |    32 |    48 |    72 |    25 ||   200
       Trog's Hand       |       |       |       |    10 |     5 |     2 ||    17
       Brothers in Arms  |       |       |       |     1 |     2 |     1 ||     4
 Abil: Evoke Thunderclou |       |       |       |       |       |     2 ||     2
Evoke: Wand              |       |       |       |     3 |     8 |       ||    11
  Use: Scroll            |       |     7 |     5 |    15 |     6 |     5 ||    38
       Potion            |       |       |       |     1 |     1 |     1 ||     3
 Stab: Sleeping          |     4 |     2 |     4 |     8 |    20 |    13 ||    51
       Distracted        |       |     1 |       |     1 |     6 |     3 ||    11
Armor: Animal skin       |     9 |    13 |     7 |       |       |       ||    29
       Skin              |       |     2 |       |       |       |       ||     2
       Robe              |       |       |    19 |    60 |   114 |    32 ||   225
Dodge: Dodged            |    56 |    96 |   167 |   726 |  1587 |   495 ||  3127
Block: Other             |       |       |    12 |   141 |   329 |   104 ||   586
       Reflection        |       |       |       |     2 |    13 |     3 ||    18
